 Dungeon Crawl Stone Soup version 0.18-b1-2-gd0c887e (webtiles) character file.

150593 barb4r1an the Severer (level 16, -36/154 HPs)
             Began as a Minotaur Berserker on Apr 28, 2016.
             Was the Champion of Trog.
             Blown up by an orb spider (46 damage)
             ... with an orb of destruction
             ... on level 2 of the Spider Nest.
             The game lasted 01:09:51 (28436 turns).

barb4r1an the Severer (Minotaur Berserker)         Turns: 28436, Time: 01:09:51

Health: -36/154    AC: 19    Str: 23    XL:     16   Next: 99%
Magic:  15/15      EV: 32    Int:  9    God:    Trog [******]
Gold:   1892       SH:  0    Dex: 22    Spells: 0 memorised, 15 levels left

rFire  + . .     SeeInvis +     a - +6 executioner's axe (elec)
rCold  + + +     Gourm    .     W - +3 leather armour of the Shoals {rPois rF++ Str-2 Dex+2}
rNeg   + . .     Faith    .     (shield currently unavailable)
rPois  +         Spirit   .     Z - +2 hat {rC+}
rElec  .         Dismiss  .     Y - +2 cloak {rC+}
rCorr  .         Reflect  .     S - +2 pair of gloves
SustAt .         Harm     .     f - +0 pair of boots
MR     +....     Clarity  +     (no amulet)
Stlth  ++........               b - +5 ring of evasion
                                s - ring "Cycoihett" {Ice rN+ Str+3 Int+4 Dex+4}

@: somewhat resistant to hostile enchantments, unstealthy
A: retaliatory headbutt, horns 2, see invisible, clarity
a: Berserk, Trog's Hand, Brothers in Arms, Burn Spellbooks, Renounce Religion


You were on level 2 of the Spider Nest.
You worshipped Trog.
Trog was exalted by your worship.
You were not hungry.

You visited 4 branches of the dungeon, and saw 27 of its levels.
You also visited: Labyrinth and Ice Cave.

You collected 3596 gold pieces.
You spent 1704 gold pieces at shops.

Inventory:

Hand Weapons
 a - a +6 executioner's axe of electrocution (weapon)
 e - the +10 quarterstaff of the Original Sin {holy, *Noise MR+ SInv Stlth+}
   (Trog gifted it to you on level 2 of the Orcish Mines)

   It has been blessed by the Shining One to cause great damage to the undead
   and demons.
   It affects your resistance to hostile enchantments.
   It lets you see invisible.
   It may make noises in combat.
   It makes you more stealthy.
Armour
 f - a +0 pair of boots (worn)
 o - the +8 ice dragon armour of the First Souls {rF- rC++ rN++ Str+2 Int-3 SInv}
   (You found it in an ice cave)

   It affects your strength (+2).
   It affects your intelligence (-3).
   It makes you vulnerable to fire.
   It greatly protects you from cold.
   It greatly protects you from negative energy.
   It lets you see invisible.
 S - a +2 pair of gloves (worn)
 W - the +3 leather armour of the Shoals (worn) {rPois rF++ Str-2 Dex+2}
   (You found it in a labyrinth)

   It affects your strength (-2).
   It affects your dexterity (+2).
   It greatly protects you from fire.
   It protects you from poison.
 Y - a +2 cloak of cold resistance (worn)
 Z - a +2 hat of cold resistance (worn)
Jewellery
 b - a +5 ring of evasion (right hand)
 g - a +4 ring of intelligence
 s - the ring "Cycoihett" (left hand) {Ice rN+ Str+3 Int+4 Dex+4}
   (You found it on level 8 of the Lair of Beasts)

   [ring of ice]

   It enhances your ice magic, and weakens your fire magic.
   It affects your strength (+3).
   It affects your intelligence (+4).
   It affects your dexterity (+4).
   It makes you vulnerable to fire.
   It protects you from cold.
   It protects you from negative energy.
 I - a +2 ring of intelligence
Wands
 k - a wand of random effects (31/48)
 M - a wand of teleportation (5/9)
Scrolls
 c - a scroll of torment {unknown}
 d - a scroll of holy word
 i - 5 scrolls of fear
 n - 2 scrolls of magic mapping
 t - 4 scrolls of teleportation
 v - 4 scrolls of blinking
 x - 2 scrolls of fog
 A - a scroll of immolation
 B - 7 scrolls of enchant armour
 F - 4 scrolls of recharging
 G - 3 scrolls of remove curse
 J - 3 scrolls of vulnerability
 K - a scroll of identify
Potions
 h - 6 potions of brilliance
 j - a potion of invisibility
 l - 6 potions of heal wounds
 m - 4 potions of haste
 p - 5 potions of flight
 q - 8 potions of curing
 r - 3 potions of lignification
 u - a potion of cure mutation
 w - 4 potions of might
 z - 6 potions of berserk rage
 C - 4 potions of resistance
 D - a potion of ambrosia {unknown}
 E - a potion of agility
 H - 3 potions of degeneration {unknown}
Books
 y - a book of Death

   Spells                             Type                      Level
   a - Corpse Rot                     Necromancy                   2
   b - Sublimation of Blood           Necromancy                   2
   c - Agony                          Necromancy                   5
   d - Dispel Undead                  Necromancy                   5
   e - Excruciating Wounds            Charms/Necromancy            5
   f - Bolt of Draining               Conjuration/Necromancy       5
   Trog disapproves of the use of such an item.
 T - Caoxt's Papyrus of Hexes
   (You found it in a labyrinth)

   Spells                             Type                      Level
   a - Corona                         Hexes                        1
   b - Confusing Touch                Hexes                        2
   c - Slow                           Hexes                        2
   d - Gell's Gravitas                Hexes/Translocation          3
   e - Cause Fear                     Hexes                        4
   Trog disapproves of the use of such an item.
Comestibles
 N - 3 slices of pizza
 P - 41 fruits
 Q - 2 beef jerkies
 R - 13 royal jellies
 U - a bread ration


   Skills:
 + Level 16.8 Fighting
 * Level 17.7 Axes
 - Level 13.0 Staves
 + Level 16.2 Armour
 + Level 15.2 Dodging
   Level 4.2 Shields


You had 15 spell levels left.
You didn't know any spells.

Dungeon Overview and Level Annotations

Branches:
Dungeon (15/15)            Temple (0/1) D:7            Lair (8/8) D:11
  Swamp (0/4) Lair:3       Spider (2/4) Lair:4        Slime (0/6) Lair:7
    Orc (2/2) D:9             Elf (0/3) Orc:2        Vaults (0/5) D:14
 Depths (0/5) D:15

Altars:
Ashenzari
Cheibriados
Dithmenos
Elyvilon
Fedhas
Gozag
Kikubaaqudgha
Okawaru
Pakellas
Qazlal
Ru
Trog
Vehumet
Xom
Zin
Beogh

Shops:
D:9 =   D:10 [:=:   Orc:2 *}(}

Portals:
Trove: D:13 (give 18 scrolls of identify)

Annotations:
Lair:1 exclusion: 4 oklob plants


Innate Abilities, Weirdness & Mutations

You reflexively headbutt those who attack you in melee.
You have a pair of horns on your head.
You have supernaturally acute eyesight.
You possess an exceptional clarity of mind.


Message History

An orb of destruction comes into view.
You see here a robe.
The orb spider spins a strand of pure energy.
The orb of destruction hits you!
* * * LOW HITPOINT WARNING * * *
The orb spider weaves a glowing orb of energy.
An orb of destruction comes into view.
The orb spider begins to weave its threads into a brightly glowing ball.
The orb of destruction hits a rock wall.
The rock wall explodes into countless fragments.
The orb spider weaves a glowing orb of energy.
An orb of destruction comes into view.
The orb spider begins to weave its threads into a brightly glowing ball.
The orb of destruction hits you!
* * * LOW HITPOINT WARNING * * *
The orb spider weaves a glowing orb of energy.
An orb of destruction comes into view.
The orb spider pulsates with a strange energy.
The orb of destruction hits you!
You die...

###.....#^##.#..#
#....#.........#
##........$....##
..................#
#.##...#.###..#....#.#
.#.....##..#..#.....###
s..#.........##.#.#...#
#..$...)......s.......#
...........#..<@.....#
#......##.....†#§.....#
....##..##..#.#^.§#[..#
#^........#......§....#
......#..!.#...#.§....#
........#!....#..s...##
.#.#....#....#.#....##
#. #...##...#.....##≈#
. ....# #.....##≈≈;≈##


You could see 2 orb spiders.

Vanquished Creatures
  Rupert (Orc:2)
  Gastronok (Lair:2)
  Maud (D:13)
  A stone giant (Orc:2)
  Snorg (Lair:8)
  A minotaur (Lab)
  The ghost of nikopol the Spear-Bearer, a journeyman MiBe of Trog (D:9)
  14 hydras
  2 catoblepae
  2 entropy weavers
  3 centaur warriors
  2 dancing weapons (D:14)
  A death yak (Lair:6)
  A queen ant (Lair:1)
  An ogre mage (D:11)
  A death knight (D:13)
  5 orc high priests (Orc:2)
  Urug (D:13)
  Sonja (Lair:1)
  7 skeletal warriors
  2 unseen horrors
  A swamp dragon (Lair:3)
  10 hill giants
  A wizard (D:15)
  The ghost of Shenda the Shield-Bearer, a novice MiFi of Xom (D:6)
  An obsidian statue (D:15)
  3 orc knights
  A necromancer (D:15)
  6 orb spiders
  3 ugly things (D:13)
  3 hornets (Spider:1)
  7 deep elf magi
  12 wolf spiders
  2 orc sorcerers
  2 griffons
  A moth of wrath (Spider:1)
  3 cyclopes
  14 elephants
  2 rust devils (D:15)
  2 ice statues (IceCv)
  2 naga magi (D:15)
  2 black mambas
  A gargoyle (D:14)
  35 spiny frogs
  A torpor snail (Lair:3)
  10 rime drakes
  5 komodo dragons
  5 demonic crawlers
  2 efreet (D:15)
  2 kobold demonologists
  A queen bee (D:10)
  A freezing wraith (D:14)
  9 ice devils (IceCv)
  2 tengu conjurers (D:13)
  15 jumping spiders
  2 red devils (D:15)
  5 giant leeches (Lair:8)
  4 trolls
  5 two-headed ogres
  2 polar bears (Lair:4)
  A wolf spider simulacrum (D:15)
  A hornet zombie (D:15)
  23 blink frogs
  A shadow (D:13)
  6 wyverns
  2 wraiths
  66 yaks
  A vampire (D:15)
  5 tarantellas
  30 redbacks
  16 vampire mosquitoes
  A steam dragon (D:12)
  7 basilisks
  A chaos spawn (D:15)
  20 hippogriffs
  A hungry ghost (D:8)
  21 soldier ants
  36 water moccasins
  10 porcupines
  3 hell hounds (Lair:6)
  4 ice beasts
  A swamp drake (shapeshifter) (D:13)
  30 orc warriors
  4 black bears
  3 phantoms
  3 sky beasts
  2 wasps
  32 wolves
  10 ogres
  12 centaurs
  18 crocodiles
  3 big kobolds
  30 giant frogs
  A gnoll sergeant (D:10)
  A wyvern zombie (D:14)
  10 scorpions
  2 wyvern skeletons (D:14)
  10 jellies
  35 killer bees
  9 wights
  2 electric eels
  2 howler monkeys
  9 centaur zombies
  5 crimson imps
  2 giant frog skeletons
  A giant frog zombie (D:11)
  6 hounds
  8 centaur skeletons
  20 orc priests
  17 orc wizards
  2 iron imps (D:15)
  Natasha (thrice) (D:4 D:5)
  10 iguanas
  5 hell rats (Lair:4)
  27 worker ants
  A killer bee zombie (D:11)
  28 sheep
  2 hound skeletons
  2 worker ant zombies
  13 gnolls
  59 river rats
  29 adders
  5 shadow imps
  8 white imps (IceCv)
  6 ufetubi (IceCv)
  2 oozes
  An adder zombie (D:7)
  An adder skeleton (D:4)
  2 worms
  4 dart slugs
  8 giant geckos
  97 orcs
  10 giant cockroaches
  12 goblins
  7 hobgoblins
  14 jackals
  22 kobolds
  7 quokkas
  3 ball pythons
  6 bats
  3 giant newts
  9 rats
  4 fungi
  3 plants
1195 creatures vanquished.

Vanquished Creatures (collateral kills)
  A rakshasa (D:15)
  3 orc knights (Orc:2)
  A troll (Orc:2)
  5 orc warriors (Orc:2)
  6 orc priests
  5 orcs
21 creatures vanquished.

Vanquished Creatures (others)
  An unseen horror (D:12)
  An ugly thing (D:12)
  An elephant (Lair:7)
  A jumping spider (Spider:2)
  2 trolls (D:12)
  An orc warrior (D:14)
  An eye of draining (D:15)
  A human (D:3)
  2 centaurs
  A killer bee (D:12)
  A hound (D:6)
  A jelly (D:12)
  A centaur skeleton (D:12)
  An iguana (D:12)
  An adder (D:12)
  A river rat (Lair:1)
  2 shadow imps (D:15)
  4 white imps
  3 ufetubi
  An adder skeleton (D:6)
  An orc (Orc:2)
  18 fungi
  13 plants
60 creatures vanquished.

Grand Total: 1276 creatures vanquished

Notes
Turn   | Place    | Note
--------------------------------------------------------------
     0 | D:1      | barb4r1an the Minotaur Berserker began the quest for the Orb.
     0 | D:1      | Reached XP level 1. HP: 19/19 MP: 0/0
   137 | D:1      | Reached XP level 2. HP: 22/27 MP: 1/1
   142 | D:1      | Reached skill level 4 in Axes
   328 | D:1      | Reached ** piety under Trog
   479 | D:1      | Reached XP level 3. HP: 33/33 MP: 2/2
   740 | D:2      | Reached XP level 4. HP: 28/41 MP: 3/3
  1017 | D:2      | Reached *** piety under Trog
  1435 | D:3      | Found an iron altar of Okawaru.
  1800 | D:3      | Reached XP level 5. HP: 43/47 MP: 4/4
  1906 | D:3      | Found an ancient bone altar of Kikubaaqudgha.
  1915 | D:3      | Noticed a human
  1916 | D:3      | Killed a human
  1947 | D:3      | Reached skill level 5 in Axes
  1992 | D:3      | Found a sacrificial altar of Ru.
  1992 | D:3      | Found a blossoming altar of Fedhas.
  1992 | D:3      | Found a glowing silver altar of Zin.
  2122 | D:4      | Noticed a two-headed ogre
  2147 | D:4      | Killed a two-headed ogre
  2147 | D:4      | Reached skill level 5 in Fighting
  2147 | D:4      | Reached skill level 6 in Axes
  2147 | D:4      | Reached XP level 6. HP: 56/56 MP: 5/5
  2219 | D:4      | Noticed Natasha
  2233 | D:4      | Killed Natasha
  2337 | D:4      | Got a brightly glowing chain mail
  2348 | D:4      | Identified the cursed +1 chain mail "Soclis" {rCorr Int+2 Stlth+} (You found it on level 4 of the Dungeon)
  2377 | D:4      | Reached XP level 7. HP: 42/61 MP: 6/6
  2712 | D:4      | Found an opulent altar of Gozag.
  2896 | D:4      | Reached skill level 7 in Axes
  2967 | D:5      | Entered Level 5 of the Dungeon
  2968 | D:5      | Noticed Natasha
  2971 | D:5      | Killed Natasha
  2971 | D:5      | Reached skill level 5 in Armour
  2995 | D:5      | Found a shadowy altar of Dithmenos.
  3156 | D:5      | Found a snail-covered altar of Cheibriados.
  3346 | D:5      | Noticed Natasha
  3350 | D:5      | Killed Natasha
  3461 | D:5      | Reached skill level 5 in Dodging
  3598 | D:5      | Reached XP level 8. HP: 70/70 MP: 7/7
  3829 | D:6      | Noticed Shenda's ghost (novice MiFi)
  3920 | D:6      | Killed Shenda's ghost
  3920 | D:6      | Reached skill level 8 in Axes
  3925 | D:6      | Reached **** piety under Trog
  3939 | D:6      | Reached skill level 9 in Axes
  3994 | D:6      | Found a bloodstained altar of Trog.
  4008 | D:6      | Found a stormy altar of Qazlal.
  4078 | D:6      | Reached XP level 9. HP: 35/79 MP: 8/8
  4131 | D:6      | Found a radiant altar of Vehumet.
  4741 | D:7      | Reached skill level 10 in Axes
  4745 | D:7      | Found a staircase to the Ecumenical Temple.
  5368 | D:8      | Reached skill level 11 in Axes
  5442 | D:8      | Reached ***** piety under Trog
  5553 | D:8      | Found a white marble altar of Elyvilon.
  5554 | D:8      | Found a shadowy altar of Dithmenos.
  5574 | D:8      | Reached XP level 10. HP: 68/90 MP: 9/9
  5584 | D:8      | Found an oddly glowing altar of Pakellas.
  5865 | D:8      | Found a shattered altar of Ashenzari.
  6299 | D:9      | Noticed nikopol's ghost (journeyman MiBe)
  6301 | D:9      | Found Huto Ruu's Jewellery Shoppe.
  6312 | D:9      | Killed nikopol's ghost
  6451 | D:9      | Found a staircase to the Orcish Mines.
  6465 | D:9      | Reached skill level 12 in Axes
  6785 | D:10     | Entered Level 10 of the Dungeon
  6807 | D:10     | Found Emacut Bycu's Assorted Antiques.
  6858 | D:10     | Killed an unseen horror
  7218 | D:10     | Found Igeniv's Jewellery Shop.
  7332 | D:10     | Reached skill level 13 in Axes
  7360 | D:10     | HP: 1/92 [killer bee (5)]
  7661 | D:10     | Found Iwnezou's Antique Armour Shop.
  7668 | D:10     | Bought a pair of embroidered gloves for 139 gold pieces
  7668 | D:10     | Bought a runed shield for 139 gold pieces
  7668 | D:10     | Bought a glowing hat for 124 gold pieces
  7687 | D:10     | Reached XP level 11. HP: 99/99 MP: 10/10
  7707 | D:10     | Noticed a hill giant
  7708 | D:10     | Found Siamiyd's Book Boutique.
  7714 | D:10     | Killed a hill giant
  7915 | D:10     | Found Aqojea's Book Shop.
  8050 | D:11     | Noticed a seven-headed hydra
  8055 | D:11     | Killed a three-headed hydra
  8055 | D:11     | Reached skill level 10 in Fighting
  8277 | D:11     | Noticed a hill giant
  8286 | D:11     | Killed a hill giant
  8323 | D:11     | Noticed an ogre mage
  8346 | D:11     | Killed an ogre mage
  8355 | D:11     | Reached ****** piety under Trog
  8355 | D:11     | Reached skill level 10 in Armour
  8784 | D:11     | Noticed a hill giant
  8786 | D:11     | Found a staircase to the Lair.
  8799 | D:11     | Killed a hill giant
  8799 | D:11     | Reached skill level 14 in Axes
  8799 | D:11     | Reached skill level 1 in Shields
  9130 | D:11     | Noticed a hill giant
  9138 | D:11     | Killed a hill giant
  9264 | D:11     | Received a gift from Trog
  9366 | Lair:1   | Entered Level 1 of the Lair of Beasts
  9393 | Lair:1   | Noticed Sonja
  9429 | Lair:1   | Killed Sonja
  9434 | Lair:1   | HP: 5/102 [poisoned by Sonja (curare-tipped needle)]
  9440 | Lair:1   | HP: 4/102 [poisoned by Sonja (curare-tipped needle)]
  9446 | Lair:1   | HP: 4/102 [poisoned by Sonja (curare-tipped needle)]
  9822 | Lair:1   | Noticed an oklob plant
  9822 | Lair:1   | Noticed an oklob plant
  9841 | Lair:1   | Found a frozen archway.
  9899 | IceCv    | Entered an ice cave
  9948 | IceCv    | Reached XP level 12. HP: 12/110 MP: 11/11
 10934 | IceCv    | Reached skill level 10 in Dodging
 11246 | IceCv    | Got a crystal quarterstaff
 11254 | IceCv    | Got a heavily runed ice dragon armour
 11269 | IceCv    | Identified the +8 ice dragon armour of the First Souls {rF- rC++ rN++ Str+2 Int-3 SInv} (You found it in an ice cave)
 11278 | IceCv    | Identified the +4 quarterstaff of Defiance {vamp, Str+3} (You found it in an ice cave)
 11608 | Lair:1   | Noticed a queen ant
 11619 | Lair:1   | Received a gift from Trog
 11645 | Lair:1   | Killed a queen ant
 11890 | Lair:1   | Received a gift from Trog
 12291 | Lair:2   | Noticed an eight-headed hydra
 12295 | Lair:2   | Reached skill level 1 in Staves
 12301 | Lair:2   | HP: 4/112 [eight-headed hydra (12)]
 12304 | Lair:2   | Killed an eight-headed hydra
 12540 | Lair:2   | Noticed Gastronok
 12562 | Lair:2   | Received a gift from Trog
 12564 | Lair:2   | Killed Gastronok
 12733 | Lair:2   | Reached XP level 13. HP: 116/119 MP: 12/12
 13176 | Lair:3   | Reached skill level 5 in Staves
 13486 | Lair:3   | Found a staircase to the Swamp.
 13808 | Lair:4   | Got a scorched trident
 13809 | Lair:4   | Identified the +3 trident "Yssacko" {flame, +Fly} (You found it on level 4 of the Lair of Beasts)
 13846 | Lair:4   | Received a gift from Trog
 14479 | Lair:4   | Found a hole to the Spider Nest.
 14810 | Lair:5   | Received a gift from Trog
 15393 | Lair:6   | Reached XP level 14. HP: 129/129 MP: 13/13
 15445 | Lair:6   | Received a gift from Trog
 15445 | Lair:6   | Reached skill level 10 in Staves
 16127 | Lair:6   | Gained mutation: You are clumsy. (Dex -2) [potion of mutation]
 16127 | Lair:6   | Lost mutation: You are clumsy. (Dex -2) [potion of mutation]
 16127 | Lair:6   | Gained mutation: You possess an exceptional clarity of mind. [potion of mutation]
 16635 | Lair:7   | Received a gift from Trog
 16768 | Lair:7   | Found a staircase to the Slime Pits.
 16979 | Lair:8   | Entered Level 8 of the Lair of Beasts
 17034 | Lair:8   | Found a labyrinth entrance.
 17041 | Lab      | Entered a labyrinth
 17233 | Lab      | Identified the Incunabulum of Heat and Curses
 17244 | Lab      | Identified Caoxt's Papyrus of Hexes
 17254 | Lab      | Got a spiked leather armour
 17281 | Lab      | Identified the +3 leather armour of the Shoals {rPois rF++ Str-2 Dex+2} (You found it in a labyrinth)
 17482 | Lair:8   | Received a gift from Trog
 17844 | Lair:8   | Reached XP level 15. HP: 139/139 MP: 14/14
 18137 | Lair:8   | Reached skill level 15 in Fighting
 18363 | Lair:8   | Got a wavering turquoise ring
 18373 | Lair:8   | Identified the ring "Cycoihett" {Ice rN+ Str+3 Int+4 Dex+4} (You found it on level 8 of the Lair of Beasts)
 18520 | Lair:8   | Noticed Snorg
 18527 | Lair:8   | Killed Snorg
 18979 | Orc:1    | Entered Level 1 of the Orcish Mines
 18992 | Orc:1    | Received a gift from Trog
 19205 | Orc:2    | Entered Level 2 of the Orcish Mines
 19403 | Orc:2    | Received a gift from Trog
 19404 | Orc:2    | Found Namet's Assorted Antiques.
 19419 | Orc:2    | Got a jewelled quarterstaff {god gift}
 19420 | Orc:2    | Identified the +10 quarterstaff of the Original Sin {holy, *Noise MR+ SInv Stlth+} (Trog gifted it to you on level 2 of the Orcish Mines)
 19611 | Orc:2    | Noticed Rupert
 19616 | Orc:2    | Found a staircase to the Elven Halls.
 19619 | Orc:2    | Killed Rupert
 19637 | Orc:2    | Reached skill level 15 in Axes
 20387 | Orc:2    | Received a gift from Trog
 20478 | Orc:2    | Found Orchiteh's Magic Scroll Shop.
 20481 | Orc:2    | Found Medi's Antique Weapon Boutique.
 20482 | Orc:2    | Found Obla's Gadget Shop.
 20483 | Orc:2    | Found Etyteoff's Gadget Shop.
 20490 | Orc:2    | Bought a wand of hasting (4/9) for 864 gold pieces
 20494 | Orc:2    | Bought a scroll of enchant armour for 90 gold pieces
 20494 | Orc:2    | Bought a scroll of teleportation for 36 gold pieces
 20494 | Orc:2    | Bought a scroll of identify for 24 gold pieces
 20494 | Orc:2    | Bought a scroll of fog for 24 gold pieces
 20494 | Orc:2    | Bought a scroll of identify for 24 gold pieces
 20494 | Orc:2    | Bought a scroll of fear for 42 gold pieces
 20494 | Orc:2    | Bought a scroll of teleportation for 36 gold pieces
 20494 | Orc:2    | Bought a scroll of identify for 24 gold pieces
 20494 | Orc:2    | Bought a scroll of fog for 24 gold pieces
 20494 | Orc:2    | Bought a scroll of recharging for 114 gold pieces
 21675 | D:12     | Gained mutation: You have supernaturally acute eyesight. [mutagenic meat]
 21935 | D:12     | Found a shimmering altar of Xom.
 22297 | D:13     | Noticed Urug
 22305 | D:13     | Killed Urug
 22396 | D:13     | Noticed Maud
 22415 | D:13     | Reached skill level 15 in Armour
 22422 | D:13     | Killed Maud
 22596 | D:13     | Found a portal to a secret trove of treasure.
 22686 | D:13     | Received a gift from Trog
 22690 | D:13     | Reached skill level 16 in Axes
 22864 | D:13     | Reached XP level 16. HP: 119/151 MP: 15/15
 23121 | D:14     | Found a gate to the Vaults.
 23614 | D:14     | Found a roughly hewn altar of Beogh.
 24039 | D:15     | Entered Level 15 of the Dungeon
 24279 | D:15     | Received a gift from Trog
 24294 | D:15     | Found a staircase to the Depths.
 24447 | D:15     | Found a shimmering altar of Xom.
 24594 | D:15     | Reached skill level 17 in Axes
 25325 | Spider:1 | Entered Level 1 of the Spider Nest
 25508 | Spider:1 | HP: 2/152 [disintegration (24)]
 25535 | Spider:1 | Reached skill level 15 in Dodging
 26551 | Spider:1 | Received a gift from Trog
 28436 | Spider:2 | Blown up by an orb spider

Skill      XL: |  1  2  3  4  5  6  7  8  9 10 11 12 13 14 15 16 |
---------------+-------------------------------------------------+-----
Axes           | 4 6 7 9 11 13 14 16 17 | 17.7
Fighting       | 4 5 6 7 8 9 11 12 13 14 15 16 | 16.8
Armour         | 3 4 5 6 8 9 10 12 13 14 15 16 | 16.2
Dodging        | 3 4 5 6 7 8 9 11 12 13 14 15 | 15.2
Shields        | 3 4 |  4.2
Staves         | 4 9 12 13 | 13.0

Action                   |  1- 3 |  4- 6 |  7- 9 | 10-12 | 13-15 | 16-18 || total
-------------------------+-------+-------+-------+-------+-------+-------++-------
Melee: Hand axe          |    61 |   144 |   278 |       |       |       ||   483
       Headbutt          |     8 |    36 |    74 |   208 |   430 |   118 ||   874
       War axe           |       |       |    78 |   511 |       |       ||   589
       Quarterstaff      |       |       |       |   283 |  1209 |       ||  1492
       Executioner's axe |       |       |       |       |   310 |   397 ||   707
Invok: Trog's Hand       |       |     1 |     2 |     7 |     5 |     2 ||    17
       Berserk           |       |     1 |     1 |     6 |     1 |       ||     9
       Brothers in Arms  |       |       |       |       |     3 |     2 ||     5
  Use: Scroll            |       |       |       |     9 |    21 |     1 ||    31
       Potion            |       |       |       |     4 |     1 |     1 ||     6
 Stab: Distracted        |       |       |       |       |     1 |     1 ||     2
       Petrified         |       |       |       |       |       |     2 ||     2
       Sleeping          |       |       |       |       |       |     1 ||     1
  Eat: Chunk             |       |     4 |     5 |     3 |     9 |       ||    21
       Beef jerky        |       |     1 |       |       |     2 |       ||     3
       Meat ration       |       |       |     2 |     2 |     2 |     2 ||     8
       Fruit             |       |       |       |     6 |     2 |     2 ||    10
       Bread ration      |       |       |       |     3 |     3 |     2 ||     8
       Royal jelly       |       |       |       |     2 |     1 |       ||     3
       Pizza             |       |       |       |       |       |     1 ||     1
Armor: Ring mail         |    26 |     9 |       |       |       |       ||    35
       Plate armour      |       |    58 |       |       |       |       ||    58
       Chain mail        |       |    14 |   225 |   252 |       |       ||   491
       Ice dragon armour |       |       |       |   189 |   515 |       ||   704
       Leather armour    |       |       |       |       |    94 |    88 ||   182
Dodge: Dodged            |    50 |    55 |   187 |   766 |  2124 |   722 ||  3904
Block: Shield            |       |       |       |   152 |       |       ||   152
